 Dungeon Crawl Stone Soup version 0.21.0-3-g78d12a8 (webtiles) character file.

89244 shitimlost the Fighter (level 15, -12/139 HPs)
             Began as a White Draconian Air Elementalist on Jan 11, 2018.
             Was the Champion of Makhleb.
             Mangled by a seven-headed hydra (14 damage)
             ... on level 2 of the Swamp on Jan 13, 2018.
             The game lasted 04:14:32 (49921 turns).

shitimlost the Fighter (DrAE)                      Turns: 49921, Time: 04:14:33

Health: -12/139    AC: 21    Str: 16    XL:     15   Next: 48%
Magic:  0/23       EV: 15    Int: 24    God:    Makhleb [******]
Gold:   852        SH:  8    Dex: 13    Spells: 1/25 levels left

rFire    . . .     SeeInvis +   G - +4 flail (crush)
rCold    + . .     Gourm    .   (no shield)
rNeg     . . .     Faith    .   (armour unavailable)
rPois    .         Spirit   +   e - +0 mask of the Dragon {MR+ Slay+3 SInv}
rElec    .         Reflect  +   d - scarf {Spirit}
rCorr    .         Harm     .   o - +2 pair of gloves {archery}
MR       ++...                  K - +1 pair of boots of Benevolence {Int+6 Stlth+}
Stlth    +++.......             p - brooch of Shielding {Reflect SH+8}
HPRegen  0.33/turn              c - +1 ring of slaying
MPRegen  0.18/turn              f - +3 ring of strength

@: icy armour (expiring), sluggish, very slow
A: breathe frost, unfitting armour, cold resistance 1, cold-blooded, AC +9
a: Breathe Frost, Minor Destruction, Lesser Servant of Makhleb, Major
Destruction, Greater Servant of Makhleb, Renounce Religion


You were on level 2 of the Swamp.
You worshipped Makhleb.
Makhleb was exalted by your worship.
You were very hungry.

You visited 4 branches of the dungeon, and saw 25 of its levels.
You also visited: Labyrinth and Sewer.

You collected 2415 gold pieces.
You spent 1563 gold pieces at shops.

Inventory:

Hand Weapons
 i - a +2 battleaxe of chopping
 G - a +4 flail of crushing (weapon)
 J - a +4 war axe of freezing
 O - a +0 hunting sling of freezing
 V - a +5 blowgun
Missiles
 g - 24 sling bullets
 W - 3 curare-tipped needles
Armour
 d - a scarf of spirit shield (worn)
 e - the +0 mask of the Dragon (worn) {MR+ Slay+3 SInv}
   (You found it on level 5 of the Lair of Beasts)

   It affects your accuracy and damage with ranged weapons and melee attacks
   (+3).
   It affects your resistance to hostile enchantments.
   It lets you see invisible.
 o - a +2 pair of gloves of archery (worn)
 K - the +1 pair of boots of Benevolence (worn) {Int+6 Stlth+}
   (You bought it in a shop on level 14 of the Dungeon)

   It affects your intelligence (+6).
   It makes you more stealthy.
Jewellery
 c - a +1 ring of slaying (left hand)
 f - a +3 ring of strength (right hand)
 j - an uncursed ring of poison resistance
 p - the brooch of Shielding (around neck) {Reflect SH+8}
   (You found it on level 2 of the Lair of Beasts)

   [amulet of reflection]

   It shields you and reflects attacks.
   It affects your SH (+8).
 y - the ring of the Cockatrice {rElec rC+}
   (You found it on level 12 of the Dungeon)

   [ring of protection from cold]

   It protects you from cold.
   It insulates you from electricity.
 B - an uncursed ring of wizardry
 D - an uncursed amulet of rage
 E - an uncursed ring of flight
 M - an uncursed ring of fire
 S - an uncursed ring of positive energy
Wands
 b - a wand of enslavement (10)
 l - a wand of digging (12)
 x - a wand of polymorph (22)
 L - a wand of paralysis (9)
 Q - a wand of acid (5)
Scrolls
 k - 7 scrolls of remove curse
 m - a scroll of fog
 w - a scroll of amnesia
 U - 6 scrolls of identify
Potions
 n - a potion of magic
 r - 5 potions of curing
 s - 2 potions of haste
 z - 2 potions of flight
 A - 2 potions of brilliance
 C - a potion of resistance
 N - 2 potions of mutation
 P - a potion of agility
 T - a potion of invisibility
 Z - a potion of cancellation
Books
 a - a book of Power

   Spells                             Type                      Level
   a - Iskenderun's Battlesphere      Conjuration/Charms           5
   b - Venom Bolt                     Conjuration/Poison           5
   c - Bolt of Magma                  Conjuration/Fire/Earth       5
   d - Iron Shot                      Conjuration/Earth            6
   e - Orb of Destruction             Conjuration                  7
   f - Spellforged Servitor           Conjuration/Summoning        7
 h - a book of Misfortune

   Spells                             Type                      Level
   a - Confusing Touch                Hexes                        1
   b - Confuse                        Hexes                        3
   c - Gell's Gravitas                Translocation                3
   d - Petrify                        Transmutation/Earth          4
   e - Metabolic Englaciation         Hexes/Ice                    5
   f - Yara's Violent Unravelling     Hexes/Transmutation          5
 q - a book of Maledictions

   Spells                             Type                      Level
   a - Corona                         Hexes                        1
   b - Ensorcelled Hibernation        Hexes/Ice                    2
   c - Confuse                        Hexes                        3
   d - Tukima's Dance                 Hexes                        3
   e - Dazzling Spray                 Conjuration/Hexes            3
 t - a book of Party Tricks

   Spells                             Type                      Level
   a - Summon Butterflies             Summoning                    1
   b - Apportation                    Translocation                1
   c - Lesser Beckoning               Translocation                3
   d - Tukima's Dance                 Hexes                        3
   e - Alistair's Intoxication        Transmutation/Poison         5
   f - Invisibility                   Hexes                        6
 F - a book of Transfigurations

   Spells                             Type                      Level
   a - Irradiate                      Conjuration/Transmutation    5
   b - Statue Form                    Transmutation/Earth          6
   c - Hydra Form                     Transmutation                6
   d - Dragon Form                    Transmutation                7
 I - a book of Beasts

   Spells                             Type                      Level
   a - Summon Butterflies             Summoning                    1
   b - Call Canine Familiar           Summoning                    3
   c - Summon Ice Beast               Ice/Summoning                4
   d - Summon Mana Viper              Hexes/Summoning              5
   e - Summon Hydra                   Summoning                    7
 R - a book of Frost

   Spells                             Type                      Level
   a - Freeze                         Ice                          1
   b - Throw Frost                    Conjuration/Ice              2
   c - Ozocubu's Armour               Charms/Ice                   3
   d - Throw Icicle                   Conjuration/Ice              4
   e - Summon Ice Beast               Ice/Summoning                4
Miscellaneous
 u - a lightning rod (4/4)
 X - a fan of gales (inert)
 Y - a crystal ball of energy
Comestibles
 H - 7 rations


   Skills:
 + Level 14.4 Fighting
   Level 1.6 Long Blades
 + Level 10.5(11.7) Axes
 - Level 8.5(10.7) Maces & Flails
 - Level 0.5 Throwing
 + Level 6.1 Dodging
 - Level 2.2 Stealth
 - Level 1.1 Unarmed Combat
 - Level 5.5 Spellcasting
 - Level 1.4 Conjurations
 - Level 3.1 Hexes
 - Level 4.6 Charms
 - Level 5.9 Summonings
 - Level 5.4 Translocations
 - Level 8.3 Ice Magic
 - Level 8.4 Air Magic
 - Level 8.6 Invocations
 - Level 8.9 Evocations


You had one spell level left.
You knew the following spells:

 Your Spells              Type           Power        Failure   Level  Hunger
a - Shock                 Conj/Air       ####         1%          1    None
b - Swiftness             Chrm/Air       #####...     1%          2    None
c - Airstrike             Air            #####.....   2%          4    ###....
d - Ozocubu's Armour      Chrm/Ice       #####...     1%          3    #......
e - Summon Ice Beast      Ice/Summ       #####...     4%          4    ###....
f - Summon Butterflies    Summ           #####...     1%          1    None
g - Lesser Beckoning      Tloc           ####......   2%          3    #......
h - Apportation           Tloc           ####..       1%          1    None
i - Summon Mana Viper     Hex/Summ       ####....     34%         5    #####..


Dungeon Overview and Level Annotations

Branches:
Dungeon (15/15)            Temple (0/1) D:4            Lair (6/6) D:11
  Swamp (2/4) Lair:3       Spider (0/4) Lair:2          Orc (2/2) D:10
    Elf (0/3) Orc:2        Vaults (0/5) D:14         Depths (0/5) D:15
  Slime: Lair:5-6

Altars:
Ashenzari
Cheibriados
Dithmenos
Elyvilon
Fedhas
Makhleb
Ru
Sif Muna
Trog
Uskayaw
Zin
The Shining One
Beogh

Shops:
D:4 [   D:8 (   D:9 }!!   D:14 [   D:15 *

Annotations:
D:3 Hellonello's ghost, amateur MiFE
Lair:5 exclusion: 3 oklob plants


Innate Abilities, Weirdness & Mutations

You can breathe waves of freezing cold.
You can buffet flying creatures when you breathe cold.
Your icy white scales are hard. (AC +9)
You cannot fit into any form of body armour.
Your flesh is cold resistant. (rC+)
You are cold-blooded and may be slowed by cold attacks.


Message History

You feel less confused.
Your ice beast hits the bog body.
Your ice beast freezes the bog body.
The bog body resists.
The seven-headed hydra bites you.
* * * LOW HITPOINT WARNING * * *
You block the seven-headed hydra's attack.
The seven-headed hydra bites you but does no damage.
The seven-headed hydra misses you. The seven-headed hydra bites you.
* * * LOW HITPOINT WARNING * * *
The seven-headed hydra misses you.
The seven-headed hydra closely misses you.
You sock the seven-headed hydra!
The seven-headed hydra is heavily wounded.
The bog body casts a spell at you. The bolt of cold hits you! You resist.
* * * LOW HITPOINT WARNING * * *
Evoke which item? (* to show all) (? for menu, Esc to quit)
A fierce wind blows from the fan.
The bog body is blown away by the wind.
Your icy armour starts to melt.
The seven-headed hydra bites you!
You die...

..≈≈.§≈≈.♣♣ ♣♣.≈..♣♣
...≈.♣.§≈≈♣ ♣♣≈≈≈≈♣♣♣♣
[..≈≈[♣♣§.♣ ♣.≈≈≈.≈≈≈♣♣
...♣♣≈≈♣♣♣♣ ♣♣..≈§≈..n♣
..♣♣♣≈♣♣♣♣♣ ♣..≈Y.≈≈.♣♣♣♣♣♣
..♣≈...[.≈♣♣♣♣≈.≈.♣≈..≈♣♣≈≈♣
..♣.≈≈.≈≈≈..≈≈≈...≈♣♣♣♣.≈..♣
.♣♣...≈≈≈≈≈≈≈≈..D.♣♣ ♣♣.≈≈.♣♣
≈.♣♣♣♣.≈≈≈≈≈≈≈≈≈@♣♣ ♣≈≈≈≈≈.♣
≈.≈....§≈≈≈≈≈≈≈..♣ ♣♣..≈..♣
≈...≈..≈≈≈..≈...♣♣ ♣♣§≈..♣
≈.....≈....≈♣♣.♣♣ ♣♣≈.♣♣
≈.≈≈≈.≈≈≈.≈.♣♣♣♣ ♣♣♣♣♣♣♣♣≈≈♣
≈≈≈≈≈...♣.≈♣♣ ♣.<♣♣≈...♣♣
.≈≈≈≈≈♣♣♣♣§♣♣♣♣♣♣♣..≈.≈≈.♣♣♣♣
≈§≈..♣♣ ♣≈..≈...≈≈≈≈≈≈.....♣
≈...§♣♣ ♣.≈.≈≈≈≈≈≈≈≈≈...≈≈.♣


You could see a seven-headed hydra, a bog body and a friendly ice beast.

Vanquished Creatures
  Rupert (Lair:3)
  A thorn hunter (Swamp:1)
  2 dire elephants (Lair:5)
  A minotaur (Lab)
  2 fire dragons (D:15)
  6 hydras
  Fannar (Lair:3)
  An ice dragon (D:15)
  Harold (D:11)
  3 centaur warriors
  The ghost of XxsatanxX the Cleaver, a novice HOBe of Trog (D:8)
  3 two-headed ogres
  3 alligators
  4 orc high priests (Orc:2)
  A spriggan (Swamp:2)
  Sonja (D:10)
  7 unseen horrors
  2 swamp dragons (Swamp:2)
  A wizard (D:14)
  A wolf spider zombie (D:13)
  A deep elf mage (D:11)
  2 orc sorcerers
  4 orc knights
  2 manticores
  12 ugly things
  2 cyclopes
  2 black mambas (Lair:5)
  8 elephants
  9 spiny frogs
  3 centaur skeletons
  2 rime drakes (Lair:5)
  2 kobold demonologists (D:15)
  4 komodo dragons
  5 trolls
  4 tyrant leeches
  4 hornets
  12 slime creatures
  9 blink frogs
  10 hippogriffs
  3 bog bodies (Swamp:1)
  A shadow (D:15)
  16 yaks
  Sigmund (D:5)
  3 vampires
  3 water elementals (D:14)
  A wyvern (Lair:1)
  2 basilisks
  A fire bat (D:4)
  3 wraiths
  2 hungry ghosts
  11 vampire mosquitoes
  A two-headed ogre zombie (D:10)
  A warg (Orc:2)
  An acid dragon (D:13)
  16 swamp worms
  18 soldier ants
  9 water moccasins
  5 porcupines
  3 swamp drakes (Swamp:1)
  38 orc warriors
  16 ice beasts
  A black bear (D:10)
  4 sky beasts
  3 necrophages
  6 phantoms
  9 wolves
  5 boggarts (D:15)
  15 centaurs
  10 ogres
  8 crocodiles
  6 big kobolds
  9 bullfrogs
  A gnoll sergeant (D:8)
  A water moccasin zombie (D:12)
  8 scorpions
  2 wyvern skeletons
  2 troll zombies (D:10)
  8 killer bees
  5 electric eels
  18 wights
  3 howler monkeys (D:11)
  8 crimson imps
  A bullfrog zombie (D:12)
  A lava snake (Lair:1)
  A quasit (D:11)
  6 centaur zombies
  24 orc priests
  10 hounds
  3 jellies
  29 orc wizards
  2 bullfrog skeletons
  2 iguanas
  29 worker ants
  2 hell rats (Lair:1)
  5 ogre zombies (D:10)
  3 howler monkey zombies
  A worker ant zombie (D:3)
  14 gnolls
  15 adders
  8 river rats (Lair:1)
  3 shadow imps
  2 oozes
  3 adder skeletons
  3 adder zombies
  8 worms
  4 dart slugs
  10 leopard geckos
  92 orcs
  4 ball pythons
  10 bats
  5 giant cockroaches
  6 goblins
  6 hobgoblins
  13 jackals
  26 kobolds
  3 quokkas
  8 frilled lizards
  3 goblin skeletons
  6 goblin zombies
  5 hobgoblin zombies (D:10)
  A kobold skeleton (D:5)
  3 kobold zombies (D:5)
  A leopard gecko skeleton (D:5)
  3 orc skeletons (D:10)
  13 orc zombies
  A quokka skeleton (D:4)
  2 quokka zombies
  13 rats
  4 fungi
  A plant (Lair:2)
845 creatures vanquished.

Vanquished Creatures (collateral kills)
  A stone giant (Orc:2)
  A hydra (Lair:5)
  A queen ant (D:9)
  2 alligators (Swamp:1)
  A swamp dragon (Swamp:2)
  An elephant (Lair:5)
  A komodo dragon (Lair:4)
  2 hornets (Swamp:1)
  3 spriggans (Swamp:1)
  3 vampire mosquitoes
  A swamp worm (Swamp:1)
  2 soldier ants (D:9)
19 creatures vanquished.

Vanquished Creatures (others)
  A centaur (D:13)
  2 orc priests (Orc:2)
  An orc (Orc:1)
  8 fungi
  2 plants
  12 toadstools (Lair:5)
26 creatures vanquished.

Grand Total: 890 creatures vanquished

Notes
Turn   | Place    | Note
-------+----------+-------------------------------------------
     0 | D:1      | shitimlost the Draconian Air Elementalist began the quest for the Orb.
     0 | D:1      | Reached XP level 1. HP: 14/14 MP: 3/3
   619 | D:1      | Reached XP level 2. HP: 19/20 MP: 5/5
  1063 | D:1      | Reached skill level 1 in Unarmed Combat
  1063 | D:1      | Reached XP level 3. HP: 18/27 MP: 0/6
  1140 | D:1      | Reached skill level 1 in Fighting
  2076 | D:2      | Reached XP level 4. HP: 29/35 MP: 5/7
  2692 | D:3      | Reached skill level 1 in Maces & Flails
  2837 | D:2      | Learned a level 2 spell: Swiftness
  2842 | D:2      | Learned a level 4 spell: Airstrike
  3081 | D:2      | Reached XP level 5. HP: 21/40 MP: 4/8
  3466 | D:2      | Reached skill level 1 in Charms
  4020 | D:3      | Reached skill level 2 in Fighting
  4034 | D:3      | Noticed Hellonello's ghost (amateur MiFE)
  5018 | D:4      | Reached XP level 6. HP: 23/50 MP: 5/9
  5523 | D:4      | Found a staircase to the Ecumenical Temple.
  5567 | D:4      | Reached skill level 3 in Fighting
  5644 | D:4      | Found a burning altar of Makhleb.
  5644 | D:4      | Found a snail-covered altar of Cheibriados.
  5666 | D:4      | Became a worshipper of Makhleb the Destroyer
  6111 | D:4      | Found a hide-covered altar of Uskayaw.
  6112 | D:4      | Found a glowing silver altar of Zin.
  6113 | D:4      | Found a shadowy altar of Dithmenos.
  6114 | D:4      | Found a sacrificial altar of Ru.
  6153 | D:4      | Found a transporter.
  6153 | D:4      | Noticed a fire bat
  6500 | D:4      | Your scales start taking on an icy white colour.
  6500 | D:4      | Reached XP level 7. HP: 23/58 MP: 5/10
  6500 | D:4      | Gained mutation: Your flesh is cold resistant. (rC+) [White Draconian growth]
  6896 | D:4      | Found a shattered altar of Ashenzari.
  6943 | D:4      | Found Yvithoh's Antique Armour Boutique.
  6955 | D:4      | Bought a pair of embroidered gloves for 180 gold pieces
  6973 | D:4      | Found a transporter.
  7080 | D:5      | Entered Level 5 of the Dungeon
  7117 | D:5      | Found a glowing golden altar of the Shining One.
  7263 | D:5      | Reached skill level 4 in Fighting
  7317 | D:5      | Reached skill level 5 in Air Magic
  7696 | D:5      | Found a glowing drain.
  7705 | Sewer    | Entered a sewer
  7990 | Sewer    | Reached * piety under Makhleb
  8511 | D:5      | Noticed Sigmund
  8529 | D:6      | Reached skill level 5 in Fighting
  8875 | D:6      | Reached XP level 8. HP: 62/68 MP: 7/11
  8903 | D:6      | Found a bloodstained altar of Trog.
  8917 | D:6      | Found a blossoming altar of Fedhas.
  9035 | D:6      | Found a deep blue altar of Sif Muna.
  9072 | D:6      | Reached skill level 1 in Invocations
  9077 | D:6      | Reached ** piety under Makhleb
  9565 | D:6      | Reached skill level 1 in Long Blades
  9641 | D:6      | Reached skill level 1 in Evocations
  9643 | D:6      | Reached skill level 6 in Fighting
  9880 | D:6      | HP: 3/70 [orc warrior/battleaxe (12)]
 10308 | D:6      | Reached XP level 9. HP: 39/78 MP: 5/12
 10786 | D:5      | Killed Sigmund
 10786 | D:5      | Reached skill level 5 in Maces & Flails
 11668 | D:7      | Reached *** piety under Makhleb
 11923 | D:6      | Reached skill level 7 in Fighting
 12736 | D:7      | Reached skill level 5 in Invocations
 12820 | D:8      | Found Kipsallu's Antique Weapon Boutique.
 12898 | D:8      | Noticed XxsatanxX's ghost (novice HOBe)
 12981 | D:8      | Found a white marble altar of Elyvilon.
 13255 | D:8      | Reached XP level 10. HP: 72/86 MP: 6/13
 14750 | D:9      | Reached skill level 8 in Fighting
 15005 | D:9      | Found Halidifi's Gadget Emporium.
 15014 | D:9      | Bought a wand of acid (7) for 220 gold pieces
 15109 | D:9      | Noticed a queen ant
 15113 | D:9      | Reached skill level 5 in Evocations
 15129 | D:9      | Killed a queen ant
 16469 | D:9      | Found Muares's Distillery.
 16510 | D:9      | Found Kenauw's Distillery.
 16515 | D:9      | Bought a potion of heal wounds for 70 gold pieces
 16515 | D:9      | Bought a potion of curing for 42 gold pieces
 16526 | D:9      | Learned a level 3 spell: Ozocubu's Armour
 16805 | D:9      | Reached skill level 1 in Ice Magic
 16811 | D:9      | Reached **** piety under Makhleb
 16909 | D:9      | Reached XP level 11. HP: 59/95 MP: 13/16
 17238 | D:9      | Reached skill level 9 in Fighting
 17402 | D:10     | Entered Level 10 of the Dungeon
 17916 | D:10     | Found a staircase to the Orcish Mines.
 18210 | D:10     | Reached ***** piety under Makhleb
 18577 | D:10     | Killed an unseen horror
 18591 | D:10     | Noticed a two-headed ogre
 18599 | D:10     | Killed a two-headed ogre
 18675 | D:10     | Found a shadowy altar of Dithmenos.
 18795 | D:10     | Killed an unseen horror
 19019 | D:10     | Noticed Sonja
 19025 | D:10     | Killed Sonja
 19256 | D:11     | Noticed a deep elf mage
 19265 | D:11     | Found a labyrinth entrance.
 19274 | Lab      | Entered a labyrinth
 20874 | Lab      | Noticed a minotaur
 20887 | Lab      | Killed a minotaur
 20891 | Lab      | Found the +4 dagger "Morg" {pain, MR+ Int+5}
 20974 | D:11     | Noticed a sixfirhy
 21549 | D:11     | Killed a deep elf mage
 21608 | D:11     | Killed an unseen horror
 21608 | D:11     | Reached skill level 5 in Ice Magic
 21608 | D:11     | Reached XP level 12. HP: 50/106 MP: 12/18
 21649 | D:11     | Found a staircase to the Lair.
 21659 | Lair:1   | Entered Level 1 of the Lair of Beasts
 22263 | Lair:1   | Noticed a four-headed hydra
 22663 | Lair:1   | Killed a four-headed hydra
 22663 | Lair:1   | Reached skill level 10 in Fighting
 22742 | Lair:1   | Noticed an eight-headed hydra
 23000 | Lair:1   | Reached skill level 1 in Axes
 23550 | Lair:1   | Killed an eight-headed hydra
 24205 | Lair:2   | Found a hole to the Spider Nest.
 24317 | Lair:2   | Found the brooch of Shielding {Reflect SH+8}
 24482 | Lair:2   | Learned a level 4 spell: Summon Ice Beast
 24791 | Lair:3   | Found a staircase to the Swamp.
 25115 | Lair:2   | Reached skill level 1 in Summonings
 25844 | Lair:3   | Noticed Fannar
 25849 | Lair:3   | Noticed Rupert
 26343 | Lair:3   | Killed Fannar
 26500 | Lair:3   | Killed Rupert
 27421 | Lair:4   | Reached XP level 13. HP: 110/114 MP: 17/19
 27431 | Lair:4   | Identified a scroll of acquirement
 28388 | D:9      | Bought a potion of heal wounds for 75 gold pieces
 28388 | D:9      | Bought a potion of curing for 45 gold pieces
 28388 | D:9      | Bought a potion of might for 60 gold pieces
 28447 | D:9      | Bought a lightning rod (4/4) for 400 gold pieces
 29112 | Lair:5   | Reached skill level 11 in Fighting
 29463 | Lair:5   | Reached skill level 5 in Spellcasting
 29609 | Lair:5   | Found a runed door.
 30180 | Lair:5   | Learned a level 1 spell: Summon Butterflies
 30189 | Lair:5   | Noticed a dire elephant
 30189 | Lair:5   | Noticed a dire elephant
 30190 | Lair:5   | Found the +0 mask of the Dragon {MR+ Slay+3 SInv}
 30336 | Lair:5   | Killed a dire elephant
 30336 | Lair:5   | Reached skill level 5 in Axes
 30352 | Lair:5   | Killed a dire elephant
 30486 | Lair:6   | Entered Level 6 of the Lair of Beasts
 30741 | Lair:1   | Learned a level 3 spell: Lesser Beckoning
 30913 | D:11     | Reached skill level 1 in Translocations
 31300 | D:11     | Noticed Harold
 31319 | D:11     | Killed Harold
 31395 | D:11     | Found a roughly hewn altar of Beogh.
 32059 | D:12     | Got a wavering marble ring
 32061 | D:12     | Identified the ring of the Cockatrice {rElec rC+} (You found it on level 12 of the Dungeon)
 32839 | D:13     | Reached skill level 12 in Fighting
 33018 | D:13     | Reached ****** piety under Makhleb
 33993 | D:13     | Reached XP level 14. HP: 115/126 MP: 15/22
 35085 | D:14     | Found Azat's Antique Armour Shop.
 35100 | D:14     | Bought a pair of steaming boots for 351 gold pieces
 35105 | D:14     | Identified the +1 pair of boots of Benevolence {Int+6 Stlth+} (You bought it in a shop on level 14 of the Dungeon)
 35108 | D:14     | Learned a level 1 spell: Apportation
 35210 | D:14     | Reached skill level 5 in Translocations
 35217 | D:14     | Learned a level 5 spell: Summon Mana Viper
 35381 | D:14     | Found a gate to the Vaults.
 35687 | D:15     | Entered Level 15 of the Dungeon
 36006 | D:15     | Noticed an angel
 36007 | D:15     | Found a white marble altar of Elyvilon.
 36007 | D:15     | Found Gywev's Hallowed Reliquary.
 36018 | D:15     | Bought a potion of curing for 45 gold pieces
 36018 | D:15     | Bought a potion of heal wounds for 75 gold pieces
 36598 | D:15     | Found a sacrificial altar of Ru.
 36633 | D:15     | Reached skill level 1 in Hexes
 36938 | D:15     | Reached skill level 5 in Summonings
 37982 | D:15     | Reached skill level 13 in Fighting
 38642 | D:15     | Found a staircase to the Depths.
 39438 | D:8      | Killed XxsatanxX's ghost
 39960 | Orc:1    | Entered Level 1 of the Orcish Mines
 41280 | Orc:2    | Entered Level 2 of the Orcish Mines
 42186 | Orc:2    | Noticed a stone giant
 42557 | Orc:2    | Killed a stone giant
 43756 | Orc:2    | Found a staircase to the Elven Halls.
 43836 | Orc:2    | Found a roughly hewn altar of Beogh.
 45955 | Orc:1    | Reached XP level 15. HP: 137/137 MP: 23/23
 46248 | Swamp:1  | Entered Level 1 of the Swamp
 46293 | Swamp:1  | Noticed a thorn hunter
 47532 | Swamp:1  | Killed a thorn hunter
 47640 | Swamp:1  | Reached skill level 5 in Dodging
 47644 | Swamp:1  | Reached skill level 14 in Fighting
 47735 | Swamp:1  | Reached skill level 10 in Axes
 49920 | Swamp:2  | HP: 1/139 [bog body/bolt of cold (9)]
 49921 | Swamp:2  | Mangled by a seven-headed hydra

Skill      XL: |  1  2  3  4  5  6  7  8  9 10 11 12 13 14 15 |
---------------+----------------------------------------------+-----
Stealth        | 2 |  2.2
Dodging        | 2 4 6 |  6.1
Unarmed Combat | 1 |  1.1
Fighting       | 1 2 3 5 6 7 8 9 10 12 13 14 | 14.4
Maces & Flails | 1 2 3 4 6 7 8 |  8.5
Charms         | 1 2 4 |  4.6
Air Magic      | 4 5 6 7 8 |  8.4
Invocations    | 3 5 6 8 |  8.6
Long Blades    | 1 |  1.6
Evocations     | 2 4 6 8 |  8.9
Ice Magic      | 1 5 7 8 |  8.3
Axes           | 3 7 9 10 | 10.5
Spellcasting   | 4 5 |  5.5
Summonings     | 3 4 5 |  5.9
Translocations | 4 5 |  5.4
Hexes          | 3 |  3.1
Throwing       | |  0.5
Conjurations   | |  1.4

Action                   |  1- 3 |  4- 6 |  7- 9 | 10-12 | 13-15 || total
-------------------------+-------+-------+-------+-------+-------++-------
Melee: Unarmed           |    61 |       |       |       |       ||    61
       Tailslap          |    13 |    22 |    27 |   114 |   180 ||   356
       Flail             |    59 |   228 |   341 |   619 |    89 ||  1336
       Punch             |     1 |       |     3 |     2 |     3 ||     9
       Scimitar          |       |       |    12 |       |       ||    12
       Hunting sling     |       |       |     4 |       |       ||     4
       Staff             |       |       |       |     2 |       ||     2
       War axe           |       |       |       |   266 |   951 ||  1217
       Battleaxe         |       |       |       |       |   174 ||   174
 Fire: Hunting sling     |       |     8 |   164 |    84 |   238 ||   494
       Blowgun           |       |       |       |     5 |     3 ||     8
Throw: Stone             |    28 |     6 |     4 |       |       ||    38
       Tomahawk          |       |       |       |       |     2 ||     2
 Cast: Shock             |    24 |    54 |    66 |    46 |    23 ||   213
       Swiftness         |       |       |     3 |     2 |     8 ||    13
       Airstrike         |       |       |     2 |     3 |    47 ||    52
       Ozocubu's Armour  |       |       |       |     7 |    42 ||    49
       Summon Ice Beast  |       |       |       |       |    18 ||    18
       Summon Butterflie |       |       |       |       |     6 ||     6
       Lesser Beckoning  |       |       |       |       |     5 ||     5
Invok: Minor Destruction |       |       |     2 |       |     4 ||     6
       Lesser Servant of |       |       |       |     7 |    13 ||    20
       Major Destruction |       |       |       |     1 |       ||     1
 Abil: Breathe Frost     |       |       |    23 |    30 |    62 ||   115
       Evoke Berserk Rag |       |       |     1 |     9 |       ||    10
       Evoke Flight      |       |       |       |       |     3 ||     3
Evoke: Wand              |       |       |     2 |    18 |    21 ||    41
       Lightning rod     |       |       |       |       |     7 ||     7
       Fan of gales      |       |       |       |       |     2 ||     2
  Use: Potion            |       |     7 |     7 |    11 |    11 ||    36
       Scroll            |       |     6 |    13 |    10 |    19 ||    48
 Stab: Sleeping          |     5 |     1 |     4 |     5 |     7 ||    22
       Distracted        |       |       |     1 |     2 |     5 ||     8
  Eat: Chunk             |     4 |     7 |    17 |    31 |    45 ||   104
       Ration            |       |     3 |     3 |    10 |    15 ||    31
Armor: Skin              |    60 |   122 |   185 |   389 |   509 ||  1265
Dodge: Dodged            |   120 |   261 |   334 |   677 |   756 ||  2148
Block: Buckler           |       |       |    10 |       |       ||    10
       Other             |       |       |       |    58 |   542 ||   600
       Reflection        |       |       |       |       |    24 ||    24
       Rpst.: Scimitar   |       |       |     4 |       |       ||     4
